 Dungeon Crawl Stone Soup version 0.29-a0-542-g075992c915 (webtiles) character file.

Game seed: 12904488776131411860

228 oldriver the Skirmisher (level 5, -11/47 HPs)
             Began as a Palentonga Delver on June 5, 2022.
             Killed by nerve-wracking pain
             ... invoked by Grinder
              (14 damage)
             ... while paralysed by Grinder
             ... on level 3 of the Dungeon.
             The game lasted 00:02:10 (794 turns).

oldriver the Skirmisher (Palentonga Delver)          Turns: 794, Time: 00:02:10

Health: -11/47     AC:  4    Str: 17    XL:     5   Next: 71%
Magic:  5/5        EV:  1    Int: 10    God:
Gold:   3          SH:  0    Dex: 12    Spells: 4/4 levels left

rFire   + + .      SeeInvis +   a - +1 hand axe
rCold   + . .      Faith    .   (no shield)
rNeg    . . .      Spirit   .   b - +0 leather armour
rPois   .          Reflect  .   (no helmet)
rElec   .          Harm     .   i - scarf {rC+ rF+}
rCorr   .          Rampage  .   (no gloves)
Will    .....                   (no barding)
Stlth   ++........              (no amulet)
HPRegen 0.15/turn               j - ring of protection from fire
MPRegen 0.09/turn               (no ring)

@: paralysed
A: large, rugged brown scales 3, see invisible, deformed body, roll 1, armoured
tail
a: Rolling Charge


You were on level 3 of the Dungeon.
You visited 1 branch of the dungeon, and saw 3 of its levels.

You collected 27 gold pieces.
You spent 24 gold pieces at shops.

Inventory:

Hand Weapons
 a - a +1 hand axe (weapon)
Armour
 b - a +0 leather armour (worn)
 i - a scarf of resistance (worn)
Jewellery
 j - a ring of protection from fire (left hand)
Wands
 g - a wand of digging (3)
Scrolls
 c - a scroll of fog
 d - a scroll of magic mapping
 h - 2 scrolls of enchant weapon
Potions
 f - a potion of might {unknown}


   Skills:
 + Level 5.0 Fighting
 + Level 4.4 Axes
 - Level 1.5 Dodging
 - Level 3.3 Stealth


You had 4 spell levels left.
You didn't know any spells.
Your spell library contained the following spells:

 Spells                   Type           Power      Damage    Failure   Level
 Apportation              Tloc           0%         N/A       43%         1
 Necrotize                Necr           0%         1d4       43%         1
 Summon Small Mammal      Summ           0%         N/A       43%         1


Dungeon Overview and Level Annotations

Branches:
Dungeon (5/15)
 Temple: D:4-7

Altars:
Uskayaw

Shops:
D:4 [*

Annotations:
D:3 Grinder


Innate Abilities, Weirdness & Mutations

You are completely covered in rugged brown scales. (AC +3, +7% HP)
You have supernaturally acute eyesight. (SInv)
Armour fits poorly on your strangely shaped body.
You can roll at nearby foes to attack.
You have a long armoured tail.


Message History

Grinder says, "Are you a fish?" Grinder hits you but does no damage.
You closely miss Grinder. Your punch misses Grinder.
Grinder is heavily wounded.
Grinder hits you!
* * * LOW HITPOINT WARNING * * *
You feel better. Grinder gestures at you.
You barely resist.
You feel better. Grinder gestures at you.
You barely resist. You hit Grinder.
Grinder is heavily wounded.
Grinder hits you!
You writhe in agony.
* * * LOW HITPOINT WARNING * * *
You hit Grinder.
Grinder is severely wounded.
Grinder hits you but does no damage.
You hit Grinder but do no damage.
Grinder is severely wounded.
Grinder misses you.
You hit Grinder.
Grinder is severely wounded.
Grinder hits you!
* * * LOW HITPOINT WARNING * * *
You slash Grinder!
Grinder is almost dead.
Grinder gestures at you.
You barely resist. Grinder gestures at you.
You suddenly lose the ability to move!
Grinder hits you but does no damage. Grinder hits you.
* * * LOW HITPOINT WARNING * * *
You writhe in agony.
* * * LOW HITPOINT WARNING * * *
Grinder gestures at you. Pain shoots through your body!
You die...

#######
+...@>#
#####5#
#.....†...#
#..5......#
#.........#
#.........#
#.........#
...........#
.§#####.####


You could see Grinder.

Vanquished Creatures
  A sky beast (D:3)
  A scorpion (D:4)
  A howler monkey (D:4)
  3 adders (D:4)
  An ufetubus (D:4)
  A worm (D:4)
  A dart slug (D:4)
  An endoplasm (D:4)
  2 hobgoblins
  A kobold (D:4)
13 creatures vanquished.

Vanquished Creatures (others)
  An iguana (D:5)
1 creature vanquished.

Grand Total: 14 creatures vanquished

Notes
Turn   | Place    | Note
-------+----------+-------------------------------------------
     0 | D:5      | oldriver the Palentonga Delver began the quest for the Orb.
     0 | D:5      | Reached XP level 1. HP: 19/19 MP: 1/1
     1 | D:5      | Noticed an ogre
     5 | D:5      | Killed an iguana
   161 | D:4      | Noticed a scorpion
   174 | D:4      | Killed a scorpion
   175 | D:4      | Reached skill level 4 in Fighting
   175 | D:4      | Reached XP level 2. HP: 12/26 MP: 2/2
   175 | D:4      | Reached XP level 3. HP: 15/32 MP: 3/3
   360 | D:4      | Found Tusmuan's Armour Boutique.
   362 | D:4      | Found Oluny's Assorted Antiques.
   367 | D:4      | Bought a purple potion for 24 gold pieces
   429 | D:4      | Reached XP level 4. HP: 34/39 MP: 4/4
   433 | D:4      | Found a hide-covered altar of Uskayaw.
   661 | D:4      | Reached XP level 5. HP: 34/46 MP: 5/5
   761 | D:3      | Noticed a sky beast
   768 | D:3      | Killed a sky beast
   769 | D:3      | Reached skill level 5 in Fighting
   769 | D:3      | Noticed Grinder
   791 | D:3      | Paralysed by Grinder for 4 turns
   793 | D:3      | HP: 2/47 [Grinder (1)]
   794 | D:3      | Killed from afar by Grinder

Illustrated notes

Levels and vault maps discovered:
D:3:      minmay_evil_eye, layout_basic, uniq_sigmund, uniq_grinder, uniq_robin
D:4:      layout_loops_ring, eat_drink_and_be_merry_uskayaw, serial_shops, shop,
          kennysheep_mini, nicolae_shop_stone, shop, minmay_ruined_shrine,
          uniq_duvessa, uniq_eustachio
D:5:      layout_gridville, lemuel_flamethrower_2

Skill      XL: |  1  2  3  4  5 |
---------------+----------------+-----
Fighting       | 4 5 |  5.0
Axes           | 3 4 |  4.4
Dodging        | |  1.5
Stealth        | |  3.3

Action                   |  1- 3 |  4- 6 || total
-------------------------+-------+-------++-------
Melee: Hand axe          |    14 |    48 ||    62
       Tailslap          |     2 |     7 ||     9
       Punch             |       |     1 ||     1
 Abil: Rolling Charge    |       |     9 ||     9
  Use: Scroll            |     2 |     1 ||     3
       Potion            |     1 |     2 ||     3
Armor: Leather armour    |     3 |    19 ||    22
Dodge: Dodged            |     7 |    13 ||    20

Table legend: (Time is in decaauts)
 A = Elapsed time spent in this place.
 B = Non-inter-level travel time spent in this place.
 C = Inter-level travel time spent in this place.
 D = Time resting spent in this place.
 E = Time spent auto-exploring this place.
 F = Levels seen in this place.
 G = Mean time per level.
                   A        B        C        D        E       F      G
               +--------+--------+--------+--------+--------+-----+--------+
         Total |    781 |    764 |     17 |    400 |     84 |   3 |  260.3 |
       Dungeon |    781 |    764 |     17 |    400 |     84 |   3 |  260.3 |
               +--------+--------+--------+--------+--------+-----+--------+

Top non-repeatable levels by time:
     D:4: 596 daAuts
     D:5: 147 daAuts
     D:3: 37 daAuts
